 Dungeon Crawl Stone Soup version 0.17.1-3-g152610e (webtiles) character file.

233661 Goblin1989 the Bludgeoner (level 19, 102/115 HPs)
             Began as a Gargoyle Gladiator on Mar 25, 2016.
             Was the Champion of Qazlal.
             Quit the game on level 1 of the Vaults on Mar 28, 2016.
             The game lasted 02:28:39 (34669 turns).

Goblin1989 the Bludgeoner (Gargoyle Gladiator)     Turns: 34669, Time: 02:28:40

Health: 102/115    AC: 41    Str: 28    XL:     19   Next: 12%
Magic:  30/30      EV: 11    Int:  8    God:    Qazlal [******]
Gold:   3906       SH: 22    Dex: 10    Spells: 5 memorised, 4 levels left

rFire  + + .     SeeInvis .     x - +8 morningstar (flame)
rCold  + . .     Rnd*Rage +     e - +2 plate armour {rF+}
rNeg   + . .     SustAt   .     E - +0 shield {rC+}
rPois  ∞         Gourm    .     c - +0 helmet
rElec  +         Spirit   .     X - +2 cloak
rCorr  .         Warding  .     G - +2 pair of gloves
rMut   .         Stasis   .     F - +0 pair of boots
MR     ++...                    r - amulet of regeneration
Stlth  ..........               k - ring of protection from fire
                                d - ring of protection from magic

@: flying, studying Dodging, repel missiles, very resistant to hostile
enchantments, extremely unstealthy
A: big wings, berserk 1, negative energy resistance 1, shaggy fur 1, electricity
resistance, unbreathing, petrification resistance, rot immunity, AC +13
a: Stop Flying, Upheaval, Elemental Force, Disaster Area, Renounce Religion
}: 2/15 runes: decaying, serpentine


You were on level 1 of the Vaults.
You worshipped Qazlal.
Qazlal was exalted by your worship.
You were not hungry.

You visited 6 branches of the dungeon, and saw 36 of its levels.
You also visited: Ice Cave and Volcano.

You collected 4426 gold pieces.
You spent 520 gold pieces at shops.

Inventory:

Hand Weapons
 x - a +8 morningstar of flaming (weapon)
Missiles
 P - 3 throwing nets (quivered)
Armour
 c - a +0 helmet (worn)
 e - a +2 plate armour of fire resistance (worn)
 E - a +0 shield of cold resistance (worn)
 F - a +0 pair of boots (worn)
 G - a +2 pair of gloves (worn)
 X - a +2 cloak (worn)
Jewellery
 a - an uncursed ring of see invisible
 d - a ring of protection from magic (left hand)
 k - a ring of protection from fire (right hand)
 o - an uncursed ring of protection from cold
 q - an uncursed amulet of stasis
 r - an amulet of regeneration (around neck)
 J - an uncursed ring of ice
 N - an uncursed amulet of clarity
 U - a +4 ring of strength
 Y - the ring "Ileuffis" {+/*Tele rN+ MR- Str+6 Slay+2}
   (You found it on level 15 of the Dungeon)

   [ring of teleportation]

   It may teleport you next to monsters, and can be evoked to randomly teleport.
   It affects your strength (+6).
   It affects your accuracy and damage with ranged weapons and melee attacks
   (+2).
   It protects you from negative energy.
   It affects your resistance to hostile enchantments.
Wands
 v - a wand of disintegration (6)
 w - a wand of digging (0)
 K - a wand of digging (5)
Scrolls
 b - 2 scrolls of magic mapping
 n - 11 scrolls of teleportation
 s - 5 scrolls of enchant armour
 y - 3 scrolls of immolation
 z - 17 scrolls of remove curse
 A - 2 scrolls of identify
 Q - 4 scrolls of recharging
 R - 3 scrolls of fear
 S - a scroll of blinking
 T - a scroll of fog
Potions
 f - a potion of resistance
 h - 3 potions of cancellation
 i - 16 potions of curing
 j - a potion of magic
 l - 6 potions of haste
 p - 7 potions of might
 t - 4 potions of agility
 B - 4 potions of berserk rage
 C - 6 potions of brilliance
 V - 2 potions of lignification
 W - 2 potions of heal wounds
 Z - 2 potions of ambrosia
Books
 D - a manual of Dodging
Miscellaneous
 H - a legendary deck of defence {the Elixir}
 L - a lamp of fire
 M - a box of beasts
Comestibles
 g - 12 bread rations
 m - 16 slices of pizza
 u - 44 fruits
 I - 11 meat rations
 O - 4 royal jellies


   Skills:
 * Level 11.5 Fighting
 - Level 16.2 Maces & Flails
   Level 1.6 Crossbows
 - Level 1.7 Throwing
 + Level 10.2 Armour
 + Level 9.0 Dodging
 - Level 15.0 Shields
 - Level 7.7 Charms
 - Level 2.0 Necromancy
 - Level 15.0 Invocations
 * Level 12.8 Evocations


You had 4 spell levels left.
You knew the following spells:

 Your Spells              Type           Power        Failure   Level  Hunger
a - Apportation           Tloc           #.........   100%        1    ##.....
b - Blink                 Tloc           N/A          100%        2    ###....
c - Regeneration          Chrm/Necr      #.........   98%         3    ####...
d - Song of Slaying       Chrm           ##......     24%         2    ###....
e - Haste                 Chrm           ##......     100%        6    #######


Dungeon Overview and Level Annotations

Branches:
Dungeon (15/15)            Temple (0/1) D:6            Lair (8/8) D:11
  Swamp (4/4) Lair:6        Snake (4/4) Lair:5        Slime (0/6) Lair:7
    Orc (4/4) D:12            Elf (0/3) Orc:4        Vaults (1/5) D:13
 Depths (0/5) D:15

Altars:
Ashenzari
Dithmenos
Elyvilon
Fedhas
Gozag
Kikubaaqudgha
Okawaru
Qazlal
Ru
Vehumet
Xom
Yredelemnul
Beogh
Jiyva

Shops:
D:5 :   D:8 (   D:13 :   Orc:1 !   Orc:4 *[%:

Annotations:
D:11 exclusions: ice statue and 1 more exclusion


Innate Abilities, Weirdness & Mutations

You are resistant to torment.
Your stone body is resilient (AC +13).
You are immune to poison.
Your large and strong wings let you fly indefinitely.
You resist negative energy.
You are resistant to electric shocks.
You can survive without breathing.
You are immune to petrification.
You are immune to rotting.
You tend to lose your temper in combat.
You are covered in fur (AC +1).


Message History

You hear a shout! x2
You continue eating. x2
You hear a shout!
Things that are here:
a dagger; a robe You hear a shout!
Your pack is full.
Things that are here:
an uncursed shortbow; 14 arrows; 4 chunks of flesh Your pack is full.
Things that are here:
an uncursed shortbow; 14 arrows; 4 chunks of flesh Could not pick up an item here; shall I ignore it? [Y]es or [N]o only, please.
Could not pick up an item here; shall I ignore it? [Y]es or [N]o only, please.
Could not pick up an item here; shall I ignore it?
Okay, then.
Unknown command.
Are you sure you want to abandon this character and quit the game? (Confirm with "yes".)

#.........
################.........
.........................
.........................
......)..................
..†...).......=..........
(...............§.§......
##+######.....§§).§......
#.....)(@§.......
#......§#########
#.......# #.......#
#..(....# #.(.....#
#.......+ #.......#
#.......#


There were no monsters in sight!

Vanquished Creatures
  Nikola (Swamp:1)
  The ghost of nublet the Warrior, an adept OgFi of Kikubaaqudgha (Snake:1)
  2 thorn hunters (Swamp:3)
  Kirke (Swamp:1)
  6 greater nagas
  Maud (D:12)
  Aizul (Swamp:1)
  Louise (Swamp:1)
  An ironheart preserver (Vaults:1)
  A very ugly thing (Swamp:2)
  A fire dragon (Vaults:1)
  An ettin (shapeshifter) (D:13)
  Josephine (Orc:3)
  11 naga warriors
  24 hydras
  3 centaur warriors (Vaults:1)
  3 ogre magi
  14 anacondas
  A rakshasa (D:15)
  13 death yaks
  14 naga sharpshooters
  4 orc high priests (Orc:4)
  Urug (D:14)
  2 alligators (Swamp:1)
  5 shock serpents
  Nergalle (Lair:1)
  2 salamander mystics
  6 naga ritualists
  A lindwurm (Lair:6)
  5 sea snakes (Snake:4)
  A shambling mangrove (Swamp:3)
  10 swamp dragons
  A deep troll (D:13)
  Pikel (D:7)
  2 hill giants (Vaults:1)
  2 orc sorcerers
  7 orc knights
  3 unseen horrors
  9 mana vipers
  A hornet (Swamp:2)
  8 cyclopes
  38 black mambas
  2 wolf spiders
  A manticore (D:15)
  3 ugly things (D:15)
  7 salamanders
  3 centaur zombies
  2 griffons
  13 naga magi
  8 guardian serpents
  An octopode (shapeshifter) (D:13)
  3 ice statues
  10 elephants
  A spiny frog (shapeshifter) (D:13)
  27 spiny frogs
  3 gargoyles
  2 efreet (D:15)
  A kobold demonologist (Vaults:1)
  3 spriggan druids
  3 fire drakes
  11 komodo dragons
  A blue devil (D:12)
  3 yaktaurs (Volcano)
  A queen bee (Lair:1)
  4 giant leeches
  3 trolls
  2 freezing wraiths
  2 raiju (shapeshifter)
  10 polar bears
  A boulder beetle (Orc:1)
  9 bog bodies
  4 two-headed ogres
  13 slime creatures
  12 blink frogs
  2 trapdoor spiders
  4 shadows
  A deep elf mage (D:9)
  19 spriggans
  A water elemental (D:15)
  4 redbacks (Lair:8)
  68 yaks
  5 wyverns
  4 wraiths (Orc:3)
  3 fire bats (Lair:1)
  Eustachio (D:4)
  10 hippogriffs
  7 basilisks
  5 hogs
  2 deep elf fighters
  10 vampire mosquitoes
  A human (shapeshifter) (D:15)
  30 wolves
  4 hungry ghosts
  44 nagas
  5 insubstantial wisps (Swamp:4)
  A mottled dragon (D:11)
  25 swamp worms
  3 wargs
  18 water moccasins
  2 porcupines
  Duvessa (D:7)
  15 swamp drakes
  The ghost of Shufflesack the Sneak, an amateur SpEn (D:3)
  6 black bears
  35 orc warriors
  11 centaurs
  16 ogres
  A sky beast (D:10)
  11 wasps
  16 ice beasts
  8 crocodiles
  2 boggarts (D:15)
  A necrophage (D:7)
  5 big kobolds
  3 phantoms
  Dowan (D:7)
  6 scorpions
  15 giant frogs
  A wyvern skeleton (D:12)
  4 troll zombies (D:12)
  27 killer bees
  5 wights (D:14)
  3 electric eels
  12 crimson imps
  A wasp zombie (D:9)
  2 jellies
  4 giant frog skeletons
  A giant frog zombie (D:12)
  Ijyb (D:1)
  36 orc priests
  2 centaur skeletons
  7 hounds
  31 orc wizards
  Terence (D:2)
  Natasha (twice) (D:3)
  11 iguanas
  10 worker ants
  2 ogre zombies (D:12)
  33 sheep
  3 hound skeletons
  8 gnolls
  2 worker ant zombies (D:8)
  19 adders
  57 river rats
  2 shadow imps
  13 white imps
  An ooze (D:3)
  2 adder skeletons
  9 worms
  12 giant geckos
  160 orcs
  6 giant cockroaches
  5 hobgoblins (D:1)
  6 jackals
  17 kobolds
  3 quokkas
  6 ball pythons
  A ball python zombie (D:5)
  7 bats
  4 giant newts
  6 goblins
  3 goblin skeletons (D:12)
  A goblin zombie (D:12)
  2 hobgoblin skeletons (D:12)
  2 hobgoblin zombies (D:12)
  A jackal skeleton (D:8)
  4 orc skeletons (D:12)
  13 orc zombies (D:12)
  A quokka skeleton (D:8)
  9 rats
  A bush (Lair:4)
  71 fungi
  31 plants
1498 creatures vanquished.

Vanquished Creatures (collateral kills)
  Harold (Lair:2)
  3 death yaks (Lair:6)
  A polar bear (D:15)
  A slime creature (D:15)
  A hippogriff (Lair:7)
  A centaur (D:15)
  A boggart (D:15)
  3 sheep (D:15)
12 creatures vanquished.

Vanquished Creatures (others)
  A centaur warrior (Volcano)
  An orc high priest (Orc:4)
  Sonja (D:13)
  2 sea snakes (Snake:4)
  A guardian serpent (Snake:4)
  A troll zombie (D:12)
  An orc wizard (D:7)
  An ogre zombie (D:12)
  6 sheep
  A quokka (D:15)
  16 fungi
  8 plants
40 creatures vanquished.

Grand Total: 1550 creatures vanquished

Notes
Turn   | Place    | Note
--------------------------------------------------------------
     0 | D:1      | Goblin1989 the Gargoyle Gladiator began the quest for the Orb.
     0 | D:1      | Reached XP level 1. HP: 12/12 MP: 1/1
   149 | D:1      | Reached XP level 2. HP: 11/17 MP: 2/2
   642 | D:1      | Reached skill level 4 in Maces & Flails
   721 | D:1      | Reached XP level 3. HP: 21/21 MP: 3/3
  1088 | D:2      | Noticed Ijyb
  1094 | D:2      | Noticed Terence
  1114 | D:1      | Killed Ijyb
  1114 | D:1      | Reached XP level 4. HP: 24/26 MP: 4/4
  1135 | D:2      | Killed Terence
  1135 | D:2      | Reached skill level 5 in Maces & Flails
  1363 | D:2      | Reached XP level 5. HP: 23/30 MP: 5/5
  1683 | D:2      | Found a blossoming altar of Fedhas.
  1770 | D:2      | HP: 1/30 [gnoll/whip of flaming (1)]
  1786 | D:2      | Reached skill level 6 in Maces & Flails
  2315 | D:3      | Noticed Shufflesack's ghost (amateur SpEn)
  2586 | D:3      | Reached XP level 6. HP: 31/35 MP: 6/6
  2792 | D:3      | Noticed Natasha
  2805 | D:3      | Killed Natasha
  2805 | D:3      | Reached skill level 7 in Maces & Flails
  2832 | D:3      | Noticed Natasha
  2842 | D:3      | Killed Natasha
  3278 | D:3      | Killed Shufflesack's ghost
  3278 | D:3      | Reached XP level 7. HP: 36/40 MP: 7/7
  3516 | D:4      | Reached skill level 8 in Maces & Flails
  3631 | D:4      | Learned a level 2 spell: Repel Missiles
  3634 | D:4      | Learned a level 2 spell: Blink
  3685 | D:4      | Noticed Eustachio
  3731 | D:4      | Killed Eustachio
  3773 | D:4      | Found a shimmering altar of Xom.
  4364 | D:4      | Reached skill level 9 in Maces & Flails
  4493 | D:5      | Entered Level 5 of the Dungeon
  4553 | D:5      | Found a stormy altar of Qazlal.
  4597 | D:5      | Became a worshipper of Qazlal Stormbringer
  4803 | D:5      | Reached XP level 8. HP: 44/44 MP: 8/8
  4816 | D:5      | Found Zeoxymeisen's Book Emporium.
  5079 | D:6      | Found a staircase to the Ecumenical Temple.
  5313 | D:6      | Found an ancient bone altar of Kikubaaqudgha.
  5313 | D:6      | Found a sacrificial altar of Ru.
  5409 | D:6      | Reached skill level 10 in Maces & Flails
  5601 | D:6      | Reached * piety under Qazlal
  5872 | D:7      | Reached skill level 11 in Maces & Flails
  6026 | D:7      | Found a radiant altar of Vehumet.
  6185 | D:7      | Reached XP level 9. HP: 18/48 MP: 9/9
  6349 | D:7      | Noticed Duvessa
  6350 | D:7      | Noticed Dowan
  6372 | D:7      | Killed Duvessa
  6387 | D:7      | Killed Dowan
  6573 | D:7      | Reached ** piety under Qazlal
  6586 | D:7      | Reached skill level 12 in Maces & Flails
  6918 | D:7      | Found a shadowy altar of Dithmenos.
  7199 | D:7      | Noticed Pikel
  7220 | D:7      | Killed Pikel
  7361 | D:7      | Found a white marble altar of Elyvilon.
  7415 | D:7      | Found a basalt altar of Yredelemnul.
  7677 | D:8      | Found an iron altar of Okawaru.
  7739 | D:8      | Reached skill level 5 in Fighting
  8032 | D:8      | Reached XP level 10. HP: 54/61 MP: 10/10
  8061 | D:8      | Reached skill level 1 in Armour
  8106 | D:8      | Found Jodul's Weapon Shoppe.
  8161 | D:8      | Noticed a cyclops
  8368 | D:8      | Noticed a three-headed hydra
  8377 | D:8      | Reached *** piety under Qazlal
  8393 | D:8      | Killed a three-headed hydra
  8402 | D:8      | Reached skill level 5 in Armour
  8528 | D:9      | Found an opulent altar of Gozag.
  8921 | D:5      | Bought a book of Battle for 520 gold pieces
  8925 | D:5      | Learned a level 3 spell: Regeneration
  9094 | D:9      | Found a shattered altar of Ashenzari.
  9268 | D:9      | Got an ancient hand crossbow
  9269 | D:9      | Identified the +8 hand crossbow of Disintegration {venom, rPois Dex+4} (You found it on level 9 of the Dungeon)
  9876 | D:6      | Reached XP level 11. HP: 68/71 MP: 11/11
 10090 | D:10     | Entered Level 10 of the Dungeon
 10122 | D:10     | Reached skill level 1 in Charms
 10124 | D:10     | Reached skill level 1 in Necromancy
 10682 | D:10     | Reached skill level 10 in Fighting
 10699 | D:10     | Reached **** piety under Qazlal
 10843 | D:10     | Learned a level 2 spell: Song of Slaying
 11009 | D:11     | Noticed an eight-headed hydra
 11327 | D:10     | Killed an eight-headed hydra
 11327 | D:10     | Reached skill level 1 in Crossbows
 11327 | D:10     | Reached skill level 1 in Invocations
 11575 | D:11     | Noticed a five-headed hydra
 11610 | D:11     | Killed a five-headed hydra
 11878 | D:11     | Found a staircase to the Lair.
 12018 | Lair:1   | Entered Level 1 of the Lair of Beasts
 12054 | D:11     | Reached skill level 13 in Maces & Flails
 12054 | D:11     | Reached skill level 5 in Invocations
 12054 | D:11     | Reached XP level 12. HP: 37/77 MP: 15/15
 12159 | Lair:1   | Reached ***** piety under Qazlal
 12195 | Lair:1   | Found a dark tunnel.
 12205 | Volcano  | Entered a volcano
 12230 | Volcano  | Noticed a centaur warrior
 12251 | Volcano  | Killed a centaur warrior
 12653 | Lair:1   | Noticed Nergalle
 12681 | Lair:1   | Killed Nergalle
 12935 | Lair:1   | Noticed a four-headed hydra
 12940 | Lair:1   | Killed a four-headed hydra
 13620 | Lair:2   | Reached skill level 10 in Armour
 13777 | Lair:2   | Noticed Harold
 13789 | Lair:2   | Killed Harold
 13930 | Lair:2   | Reached skill level 14 in Maces & Flails
 14235 | Lair:3   | Reached skill level 1 in Shields
 14235 | Lair:3   | Reached XP level 13. HP: 82/82 MP: 19/19
 14998 | Lair:4   | Reached skill level 10 in Invocations
 15972 | Lair:5   | Found a staircase to the Snake Pit.
 16394 | Lair:6   | Reached skill level 15 in Maces & Flails
 16430 | Lair:6   | Reached skill level 5 in Shields
 17107 | Lair:6   | Found a staircase to the Swamp.
 17170 | Lair:6   | Gained mutation: Your large and strong wings let you fly indefinitely. [Gargoyle growth]
 17170 | Lair:6   | Reached XP level 14. HP: 79/88 MP: 22/22
 17230 | Lair:7   | Found a viscous altar of Jiyva.
 17230 | Lair:7   | Found a staircase to the Slime Pits.
 17826 | Lair:7   | Reached skill level 16 in Maces & Flails
 18111 | D:12     | Reached ****** piety under Qazlal
 18112 | D:12     | Found a staircase to the Orcish Mines.
 18268 | D:12     | Noticed Maud
 18330 | D:12     | Killed Maud
 18898 | Orc:1    | Entered Level 1 of the Orcish Mines
 19007 | Orc:1    | Found Kofoal's Distillery.
 19286 | Orc:2    | Reached skill level 1 in Evocations
 19511 | Orc:3    | Found a roughly hewn altar of Beogh.
 19917 | Orc:3    | Noticed Josephine
 19933 | Orc:3    | Killed Josephine
 20718 | Orc:2    | Reached XP level 15. HP: 92/92 MP: 24/24
 20902 | Orc:1    | Found a roughly hewn altar of Beogh.
 21044 | Orc:4    | Entered Level 4 of the Orcish Mines
 21044 | Orc:4    | Found a staircase to the Elven Halls.
 22000 | Orc:4    | Found Nefemequahy's Book Boutique.
 22003 | Orc:4    | Found Joemp's Armour Boutique.
 22004 | Orc:4    | Found Liatut's General Store.
 22005 | Orc:4    | Found Vennamn's Food Shop.
 22376 | Lair:8   | Entered Level 8 of the Lair of Beasts
 22389 | Lair:8   | Reached skill level 5 in Evocations
 22521 | Lair:8   | Found a frozen archway.
 22538 | IceCv    | Entered an ice cave
 23587 | Snake:1  | Entered Level 1 of the Snake Pit
 23710 | Snake:1  | Noticed nublet's ghost (adept OgFi)
 23737 | Snake:1  | Killed nublet's ghost
 23737 | Snake:1  | Reached XP level 16. HP: 89/97 MP: 11/27
 24210 | Snake:1  | Reached skill level 15 in Invocations
 24828 | Snake:2  | Reached skill level 10 in Shields
 25500 | Snake:2  | Reached skill level 5 in Charms
 25733 | Snake:3  | Identified a scroll of acquirement
 25750 | Snake:3  | Got an ichor-stained eveningstar
 25751 | Snake:3  | Identified the +1 eveningstar of Fear {crush, rN++} (You acquired it on level 3 of the Snake Pit)
 25940 | Snake:3  | Found a stormy altar of Qazlal.
 26344 | Snake:3  | Learned a level 6 spell: Haste
 26435 | Snake:4  | Entered Level 4 of the Snake Pit
 26762 | Snake:1  | Reached XP level 17. HP: 102/102 MP: 28/28
 27072 | D:8      | Killed a cyclops
 27717 | Snake:4  | Reached skill level 10 in Evocations
 28286 | Snake:4  | Reached skill level 5 in Dodging
 28596 | Snake:4  | Got a serpentine rune of Zot
 29108 | Swamp:1  | Entered Level 1 of the Swamp
 29148 | Swamp:1  | Noticed Kirke
 29160 | Swamp:1  | Killed Kirke
 29327 | Swamp:1  | Noticed Louise
 29347 | Swamp:1  | Killed Louise
 29530 | Swamp:1  | Noticed Aizul
 29549 | Swamp:1  | Killed Aizul
 29638 | Swamp:1  | Reached XP level 18. HP: 101/108 MP: 29/29
 29767 | Swamp:1  | Noticed Nikola
 29782 | Swamp:1  | Killed Nikola
 31419 | Swamp:4  | Entered Level 4 of the Swamp
 32093 | Swamp:4  | Got a decaying rune of Zot
 32576 | D:13     | Noticed Sonja
 32581 | D:13     | Killed Sonja
 32812 | D:13     | Found Hiuh's Book Emporium.
 32822 | D:13     | Learned a level 1 spell: Apportation
 32914 | D:13     | Found a gate to the Vaults.
 33542 | D:14     | Noticed Urug
 33557 | D:14     | Killed Urug
 33756 | D:15     | Entered Level 15 of the Dungeon
 33913 | D:15     | Gained mutation: You have sharp fingernails. [mutagenic meat]
 33914 | D:15     | Gained mutation: You are covered in fur (AC +1). [mutagenic meat]
 33915 | D:15     | Lost mutation: You have sharp fingernails. [mutagenic meat]
 33916 | D:15     | Gained mutation: You tend to lose your temper in combat. [mutagenic meat]
 33938 | D:15     | Found a white marble altar of Elyvilon.
 33974 | D:15     | Got a clouded turquoise ring
 33976 | D:15     | Identified the ring "Ileuffis" {+/*Tele rN+ MR- Str+6 Slay+2} (You found it on level 15 of the Dungeon)
 34362 | D:15     | Found a staircase to the Depths.
 34491 | Vaults:1 | Entered Level 1 of the Vaults
 34511 | Vaults:1 | Reached skill level 15 in Shields
 34511 | Vaults:1 | Reached XP level 19. HP: 107/115 MP: 30/30
 34669 | Vaults:1 | Quit the game

Action                   |  1- 3 |  4- 6 |  7- 9 | 10-12 | 13-15 | 16-18 | 19-21 || total
-------------------------+-------+-------+-------+-------+-------+-------+-------++-------
Melee: Flail             |   109 |    94 |       |   209 |       |       |       ||   412
       Whip              |       |   162 |   588 |   572 |       |       |       ||  1322
       Morningstar       |       |       |       |   220 |  1429 |  1706 |    66 ||  3421
Throw: Throwing net      |       |       |       |     3 |       |       |       ||     3
       Javelin           |       |       |       |     2 |       |       |       ||     2
Invok: Elemental Force   |       |       |       |     1 |     4 |     2 |       ||     7
       Disaster Area     |       |       |       |     1 |     7 |     3 |       ||    11
       Upheaval          |       |       |       |       |     8 |       |       ||     8
 Abil: Fly               |       |       |       |       |     1 |     1 |       ||     2
Evoke: Wand              |       |       |       |     2 |    14 |     6 |       ||    22
       Lamp of fire      |       |       |       |       |       |     1 |       ||     1
  Use: Potion            |       |     2 |       |     2 |       |     1 |       ||     5
       Scroll            |       |       |    10 |    10 |    11 |    15 |       ||    46
 Stab: Distracted        |       |       |       |       |     2 |     1 |       ||     3
       Confused          |       |       |       |       |       |     1 |       ||     1
  Eat: Chunk             |       |     3 |     7 |     6 |    33 |    28 |     1 ||    78
       Bread ration      |       |     1 |     1 |     2 |       |       |       ||     4
       Fruit             |       |     1 |       |       |       |     2 |       ||     3
       Royal jelly       |       |       |     1 |       |       |     7 |       ||     8
       Meat ration       |       |       |     1 |     1 |       |       |       ||     2
       Beef jerky        |       |       |       |     2 |     3 |     2 |       ||     7
